Map: [ESL] Ghost River

Players

Serral - Winner!

  • Race: Zerg Zerg
  • Spawn Location: 1:00

SHIN

  • Race: Zerg Zerg
  • Spawn Location: 11:00

Event: ESL Spring 2024 Finals

VOD

Have the link to the VOD?

Description

Time

  • Played on: June 1, 2024, 8:11 p.m.
  • Length: 6:49

All games in this series

Show
View Real Time Build Order
Export as new Build Order

Serral Zerg - Winner!

Build Orders: Hatch First 

Get SALT Encoding   

  12  0:00  Drone  
  13  0:07  Drone  
  14  0:14  Drone, Extractor  
  15  0:36  Hatchery  
  15  0:41  Extractor  
  15  0:42  Drone  
  14  0:47  Overlord  
  15  1:02  Spawning Pool  
  14  1:05  Drone  
  14  1:08  Drone  
  16  1:12  Drone  
  16  1:17  Drone  
  18  1:26  Extractor  
  18  1:28  Drone  
  18  1:38  Drone  
  19  1:48  Queen x2  
  19  1:49  Drone  
  19  1:50  Drone  
  25  1:58  Drone  
  25  1:59  Overlord  
  26  2:09  Drone  
  26  2:10  Drone  
  28  2:20  Drone  
  28  2:21  Drone  
  30  2:24  Queen  
  30  2:26  Queen  
  34  2:30  Drone  
  34  2:33  Overlord  
  35  2:41  Drone  
  35  2:43  Overlord  
  36  2:52  Drone  
  36  2:53  Drone  
  36  2:57  Drone x4  
  42  2:59  Drone  
  42  3:02  Drone  
  44  3:09  Lair  
  44  3:10  Drone  
  44  3:11  Drone  
  46  3:14  Evolution Chamber  
  46  3:16  Extractor  
  46  3:18  Drone x2, Extractor  
  45  3:21  Roach Warren  
  44  3:27  Drone x3  
  44  3:30  Drone x2  
  44  3:32  Drone  
  51  3:34  Drone  
  51  3:40  Evolution Chamber  
  50  3:41  Zerg Missile Weapons Level 1  
  50  3:43  Overlord  
  50  3:45  Drone, Extractor  
  50  3:47  Drone  
  51  3:51  Drone  
  51  3:54  Overlord  
  52  4:02  Drone  
  53  4:05  Roach  
  53  4:06  Roach x2  
  53  4:08  Glial Reconstitution  
  53  4:09  Overlord  
  59  4:10  Overseer  
  59  4:15  Roach x2  
  63  4:20  Roach x2  
  67  4:29  Roach x2  
  71  4:35  Overlord  
  71  4:36  Roach  
  71  4:37  Roach  
  75  4:38  Overlord  
  74  4:53  Roach  
  74  4:55  Overlord  
  74  4:59  Roach x3  
  82  5:05  Drone, Overseer  
  82  5:06  Overlord  
  83  5:08  Roach x4  
  83  5:10  Overlord  
  91  5:18  Roach x2  
  93  5:22  Overlord  
  93  5:27  Overlord  
  93  5:32  Roach  
  93  5:35  Ravager x6  
  96  5:38  Roach  
  96  5:39  Roach x4  
  96  5:41  Roach  
  112  5:43  Roach  
  112  5:46  Roach  
  116  5:54  Roach  
  118  5:59  Hatchery, Roach  
  118  6:02  Roach  
  121  6:10  Roach  
  123  6:14  Roach x4  
  123  6:16  Roach  
  129  6:23  Roach x3  
Show
View Real Time Build Order
Export as new Build Order

SHIN Zerg 

Build Orders: Hatch First 

Get SALT Encoding   

  12  0:00  Drone  
  13  0:07  Drone  
  14  0:16  Overlord  
  14  0:34  Drone x2  
  16  0:46  Hatchery  
  15  0:51  Drone  
  15  0:54  Drone  
  17  0:58  Drone  
  18  1:08  Extractor  
  17  1:12  Spawning Pool  
  17  1:16  Drone  
  17  1:19  Drone  
  18  1:29  Drone  
  19  1:39  Drone  
  20  1:51  Drone  
  21  1:58  Drone  
  21  1:59  Queen x2  
  27  2:01  Zergling x2  
  27  2:08  Metabolic Boost  
  27  2:09  Overlord  
  27  2:12  Drone  
  28  2:27  Drone  
  28  2:28  Drone  
  30  2:30  Drone  
  30  2:33  Drone  
  32  2:38  Hatchery  
  32  2:43  Queen  
  33  2:48  Evolution Chamber  
  33  2:49  Drone  
  33  2:52  Drone  
  33  2:56  Overlord  
  33  3:10  Overlord  
  33  3:11  Zergling x2  
  33  3:12  Zergling x4  
  36  3:15  Zergling x6  
  36  3:16  Drone  
  40  3:21  Drone  
  40  3:25  Zerg Ground Armor Level 1  
  42  3:27  Drone  
  42  3:33  Drone  
  43  3:34  Drone x2  
  43  3:39  Drone x3  
  48  3:48  Drone x2  
  48  3:51  Drone x4  
  52  3:56  Extractor  
  52  3:58  Roach Warren  
  52  4:01  Overlord  
  50  4:05  Drone  
  51  4:12  Drone x5  
  51  4:13  Drone  
  51  4:14  Drone  
  58  4:19  Lair, Extractor  
  58  4:22  Overlord  
  57  4:28  Overlord  
  57  4:30  Overlord, Extractor  
  55  4:39  Roach  
  55  4:41  Roach x4  
  65  4:47  Roach x3  
  65  4:50  Roach  
  72  4:54  Roach  
  72  4:57  Roach  
  72  4:58  Roach  
  76  5:01  Roach  
  76  5:04  Overlord  
  76  5:05  Roach  
  76  5:06  Overlord  
  80  5:08  Roach  
  80  5:12  Overlord  
  80  5:14  Overlord  
  82  5:16  Glial Reconstitution  
  82  5:20  Overlord  
  82  5:23  Roach  
  82  5:26  Roach  
  82  5:27  Roach  
  88  5:30  Zergling x4  
  88  5:32  Ravager  
  88  5:35  Roach x2  
  95  5:38  Roach  
  95  5:42  Roach x2  
  101  5:46  Zergling x2, Roach  
  101  5:49  Overlord  
  104  5:53  Roach  
  104  5:56  Overlord, Roach  
  108  5:59  Overlord  
  108  6:08  Roach x4  
  109  6:11  Roach  
  109  6:13  Roach  
  109  6:15  Zergling x2  
  110  6:18  Roach  
  110  6:20  Roach  
  110  6:22  Roach  
  110  6:24  Roach  
  102  6:28  Roach  
Tags
 
Add a new tag
Caveats
  • Supply blocks, unpowered buildings, or Contaminate may cause inaccurate times.
  • Supply counts are checked every 10 seconds.